 Dungeon Crawl Stone Soup version 0.27.1-1-g398f81649c (webtiles) character file.

Game seed: 16312895504397373489

56 H0rd4k the Insei (level 3, 0/23 HPs)
             Began as an Octopode Transmuter on Sept 13, 2021.
             Slain by an adder (2 damage)
             ... on level 3 of the Dungeon.
             The game lasted 00:01:57 (2611 turns).

H0rd4k the Insei (Octopode Transmuter)              Turns: 2611, Time: 00:01:57

Health: 0/23       AC:  2    Str:  9    XL:     3   Next: 97%
Magic:  3/6        EV: 20    Int: 16    God:
Gold:   130        SH:  0    Dex: 17    Spells: 2/6 levels left

rFire    . . .     SeeInvis .     - Unarmed
rCold    . . .     Faith    .   (shield currently unavailable)
rNeg     . . .     Spirit   .   (helmet currently unavailable)
rPois    x         Reflect  .   (no amulet)
rElec    .         Harm     .   (no ring)
rCorr    .         Rampage  .   (no ring)
Will     .....                  (no ring)
Stlth    ++........             (no ring)
HPRegen  0.07/turn              (no ring)
MPRegen  0.10/turn              (no ring)
                                (no ring)
                                (no ring)

@: spider-form
A: venomous fangs, almost no armour, (amphibious), 8 rings, tiny, (camouflage
1), (gelatinous body 1), (nimble swimmer 1), (tentacles)
a: End Transformation


You were on level 3 of the Dungeon.
You were a venomous arachnid creature.
You visited 1 branch of the dungeon, and saw 3 of its levels.

You collected 130 gold pieces.

Inventory:

Scrolls
 a - a scroll of identify {unknown}
 b - a scroll of fear {unknown}
 d - a scroll of blinking {unknown}
Potions
 c - a potion of curing {unknown}
 e - a potion of ambrosia {unknown}
 f - a potion of berserk rage {unknown}


   Skills:
 + Level 1.1 Fighting
 + Level 2.6 Dodging
 + Level 0.7 Stealth
 + Level 3.7 Unarmed Combat
 + Level 2.3 Spellcasting
 + Level 2.3 Transmutations
 + Level 0.4 Poison Magic


You had 2 spell levels left.
You knew the following spells:

 Your Spells              Type           Power      Damage    Failure   Level
a - Beastly Appendage     Tmut           18%        N/A       21%         1
b - Spider Form           Tmut/Pois      3%         N/A       56%         3

Your spell library contained the following spells:

 Spells                   Type           Power      Damage    Failure   Level
 Wereblood                Tmut           9%         N/A       28%         2
 Animate Skeleton         Necr           2%         N/A       41%         1
 Apportation              Tloc           2%         N/A       41%         1
 Corona                   Hex            1%         N/A       41%         1
 Summon Small Mammal      Summ           4%         N/A       41%         1
 Ice Form                 Ice/Tmut       5%         N/A       90%         4
 Alistair's Intoxication  Tmut/Pois      4%         N/A       99%         5
 Invisibility             Hex            0%         N/A       100%        6


Dungeon Overview and Level Annotations

Branches:
Dungeon (3/15)

Altars:
Okawaru

Shops:
D:1 *

Annotations:
D:3 Grinder


Innate Abilities, Weirdness & Mutations

You are a venomous arachnid creature.
You have poisonous fangs.
You are tiny and dextrous.
Your spellcasting is less reliable in this form.
Your armour is entirely melded.
You are incapable of wielding weapons or throwing items.
You cannot wear most types of armour.
((You are amphibious.))
You can wear up to eight rings at the same time.
((Your skin changes colour to match your surroundings (Stealth+).))
((Your rubbery body absorbs attacks. (AC +1, EV +1)))
((You are camouflaged near water. (Stealth+)))
((You have tentacles for arms and can constrict up to eight enemies at once.))


Message History

Grinder blinks!
The orc misses you.
Your transformation has ended.
The hobgoblin closely misses you. The hobgoblin hits you.
The quokka bites you but does no damage.
The quokka barely misses you.
A frilled lizard comes into view.
You closely miss the quokka.
The adder hisses angrily.
Your grab misses the quokka.
You squeeze the quokka, but do no damage.
The quokka bites you.
* * * LOW HITPOINT WARNING * * *
The quokka twitches its whiskers.
The quokka bites you.
* * * LOW HITPOINT WARNING * * *
You closely miss the quokka.
The frilled lizard hisses angrily.
Your grab misses the quokka. You squeeze the quokka.
The quokka is severely wounded.
The quokka barely misses you.
You barely miss the quokka. You grab the quokka.
The quokka is severely wounded.
You constrict the quokka, but do no damage.
The quokka completely misses you.
You tentacle-slap the quokka.
You kill the quokka!
Casting: Spider Form (extremely dangerous; 34% risk of failure)
Confirm with . or Enter, or press ? or * to list all spells.
The spell is extremely dangerous to cast (34% risk of failure)!
Continue anyway?
You turn into a venomous arachnid creature.
You hit the adder.
The adder is poisoned.
The adder is lightly wounded.
The adder bites you.
* * * LOW HITPOINT WARNING * * *
The adder misses you.
You hit the adder but do no damage.
The adder is moderately wounded.
The orc closely misses you. The adder bites you.
You die...

#### #.#
#.# ##o#
#..# #o##
#o# # #.#
....#####.#
#....lSsoo#
#...#######
#


You could see an adder (poisoned), 2 orcs and a frilled lizard.

Vanquished Creatures
  An adder (D:2)
  A worm (D:2)
  A dart slug (D:1)
  An orc (D:3)
  3 endoplasms
  5 giant cockroaches
  3 goblins
  5 hobgoblins
  A quokka (D:3)
  6 ball pythons (D:1)
  2 frilled lizards
  6 kobolds (D:1)
  2 rats
37 creatures vanquished.

Vanquished Creatures (others)
  4 fungi (D:1)
  6 toadstools (D:1)
10 creatures vanquished.

Grand Total: 47 creatures vanquished

Notes
Turn   | Place    | Note
-------+----------+-------------------------------------------
     0 | D:1      | H0rd4k the Octopode Transmuter began the quest for the Orb.
     0 | D:1      | Reached XP level 1. HP: 13/13 MP: 3/3
   573 | D:1      | Reached XP level 2. HP: 18/18 MP: 5/5
   587 | D:1      | Found Hariqedi's Assorted Antiques.
  1339 | D:1      | Reached XP level 3. HP: 19/23 MP: 6/6
  1438 | D:1      | Learned a level 3 spell: Spider Form
  2324 | D:2      | Noticed a floating eye
  2326 | D:2      | Found a faded altar of an unknown god.
  2330 | D:2      | Noticed a shining eye
  2335 | D:2      | Noticed a floating eye
  2538 | D:3      | Found an iron altar of Okawaru.
  2560 | D:3      | Noticed Grinder
  2611 | D:3      | Slain by an adder

Illustrated notes

Levels and vault maps discovered:
D:1:      ldierk_water_garden, layout_basic, serial_shops, nicolae_diamond_shop,
          minivault_24, minmay_gold_behind_fungi, st_stairs_12, hex_large
D:2:      layout_rooms, hellmonk_ecumenical_altar_watching_god,
          uniq_crazy_yiuf_cottage
D:3:      kennysheep_goblin_castle, layout_loops_ring,
          mainiacjoe_overflow_concentric_impassable, st_stairs_4, uniq_natasha,
          uniq_terence, uniq_grinder

Action                   || total
-------------------------++-------
Melee: Unarmed           ||    98
       Constrict         ||    25
       Tentacles         ||    15
 Cast: Spider Form       ||     4
 Stab: Sleeping          ||     4
Armor: Skin              ||     5
Dodge: Dodged            ||    53
